 Dungeon Crawl Stone Soup version 0.32-a0-981-g384da2ce10 (webtiles) character file.

Game seed: 11947933614059792761

173 DrKenneth the Covered (level 5, 0/47 HPs)
             Began as a Minotaur Fighter on Apr 21, 2024.
             Slain by Duvessa
             ... wielding a +0 short sword
              (12 damage)
             ... on level 4 of the Dungeon.
             The game lasted 00:06:59 (2537 turns).

DrKenneth the Covered (Minotaur Fighter)            Turns: 2537, Time: 00:07:00

Health: 0/47       AC:  9    Str: 22    XL:     5   Next: 28%
Magic:  4/4        EV:  8    Int:  5    God:
Gold:   151        SH:  4    Dex: 10    Spells: 4/4 levels left

rFire   . . .        a - +0 war axe
rCold   . . .        c - +0 buckler
rNeg    . . .        b - +0 scale mail
rPois   .            (helmet restricted)
rElec   .            f - +0 cloak
rCorr   +            (no gloves)
SInv    .            i - +0 pair of boots
Will    .....        (no amulet) Stlth
                     g - ring of resist corrosion
HPRegen 0.27/turn    (no ring)
MPRegen 0.09/turn

%: no passive effects
@: no status effects
A: horns 2, retaliatory headbutt
a: no special abilities


You were on level 4 of the Dungeon.
You visited 1 branch of the dungeon, and saw 4 of its levels.

You collected 151 gold pieces.

Inventory:

Hand Weapons
 a - a +0 war axe (weapon)
Armour
 b - a +0 scale mail (worn)
 c - a +0 buckler (worn)
 f - a +0 cloak (worn)
 i - a +0 pair of boots (worn)
 s - a +0 pair of boots
Jewellery
 g - a ring of resist corrosion (left hand)
Wands
 o - a wand of iceblast (15)
Scrolls
 h - 4 scrolls of identify
 j - a scroll of noise {unknown}
 m - a scroll of revelation {unknown}
 r - a scroll of teleportation {unknown}
Potions
 d - a potion of might
 e - 2 potions of heal wounds
 k - a potion of ambrosia {unknown}
 l - a potion of berserk rage {unknown}
 n - a potion of haste {unknown}
 p - a potion of cancellation {unknown}
 q - a potion of enlightenment {unknown}


   Skills:
 + Level 4.7 Fighting
 + Level 3.9 Axes
 + Level 4.8 Armour
 + Level 4.8 Shields


You had 4 spell levels left.
You didn't know any spells.
Your spell library contained the following spells:

 Spells                   Type           Power      Damage    Failure   Level
 Dazzling Flash           Conj/Hex       0%         N/A       99%         3
 Frozen Ramparts          Ice            0%         1d1       99%         3
 Mephitic Cloud           Conj/Alch/Air  0%         N/A       99%         3
 Ozocubu's Armour         Ice            0%         N/A       99%         3
 Metabolic Englaciation   Hex/Ice        0%         N/A       100%        5
 Silence                  Hex/Air        0%         N/A       100%        5


Dungeon Overview and Level Annotations

Branches:
Dungeon (4/15)
 Temple: D:4-7

Altars:

Annotations:
D:4 Duvessa


Innate Abilities, Weirdness & Mutations

You have a pair of horns on your head.
You reflexively headbutt those who attack you in melee.


Message History

Dowan points at Duvessa and mumbles some strange words.
Duvessa seems to speed up.
You hit Duvessa.
Duvessa is lightly wounded.
Duvessa hits you but does no damage. x2
You hit Dowan. You headbutt Dowan.
Dowan is severely wounded.
You hit Duvessa. Duvessa hits you but does no damage. Dowan closely misses you.
You furiously retaliate!
You headbutt Dowan, but do no damage. Duvessa hits you with a +0 short sword.
Dowan hits you but does no damage.
You completely miss Duvessa. You headbutt Duvessa.
Duvessa is moderately wounded.
You hit Dowan but do no damage. Duvessa hits you with a +0 short sword.
Dowan hits you but does no damage. Duvessa hits you but does no damage.
You closely miss Duvessa.
Duvessa is moderately wounded.
You slash Dowan!
You kill Dowan!
Duvessa screams, "No!
How DARE you!"
Duvessa goes berserk!
Duvessa hits you but does no damage. Duvessa hits you with a +0 short sword.
You have reached level 5!
You hit Duvessa but do no damage.
Duvessa is moderately wounded.
You block Duvessa's attack. Duvessa completely misses you.
You closely miss Duvessa.
Duvessa is moderately wounded.
Duvessa barely misses you. Duvessa hits you with a +0 short sword!
You barely miss Duvessa.
Duvessa is moderately wounded.
Duvessa hits you with a +0 short sword. Duvessa hits you but does no damage.
You hit Duvessa. You headbutt Duvessa.
Duvessa is moderately wounded.
Duvessa hits you but does no damage. Duvessa hits you with a +0 short sword!
You slash Duvessa! Your headbutt misses Duvessa.
Duvessa is heavily wounded.
Duvessa hits you with a +0 short sword.
* * * LOW HITPOINT WARNING * * *
Duvessa hits you with a +0 short sword!
You die...

... #.. #.# ..
#.... ... #.#.#
....#.#.#
#.#.#.#e#######
.......@)......
........#######
#.#.....# #.#
........# #.#
#.#...#.# #.#
........#######.#
..............#.#
#+#...#.#####.#.#
......#.#####.#.#


You could see Duvessa (berserk, fast).

Vanquished Creatures
  Dowan (D:4)
  A bombardier beetle (D:3)
  3 adders
  3 ribbon worms (D:2)
  An orc (D:3)
  4 ball pythons (D:1)
  5 endoplasms
  3 giant cockroaches
  5 hobgoblins
  4 jackals
  4 quokkas
  2 bats
  8 frilled lizards
  7 goblins
  A kobold (D:1)
  6 rats
58 creatures vanquished.

Notes
Turn   | Place    | Note
-------+----------+-------------------------------------------
     0 | D:1      | DrKenneth the Minotaur Fighter began the quest for the Orb.
     0 | D:1      | Reached XP level 1. HP: 19/19 MP: 0/0
   134 | D:1      | Reached XP level 2. HP: 25/27 MP: 1/1
   617 | D:2      | Reached XP level 3. HP: 16/33 MP: 2/2
  1495 | D:2      | Found a faded altar of an unknown god.
  1751 | D:3      | Reached XP level 4. HP: 41/41 MP: 3/3
  2523 | D:4      | Noticed Dowan
  2525 | D:4      | Noticed Duvessa
  2532 | D:4      | Killed Dowan
  2533 | D:4      | Reached XP level 5. HP: 37/47 MP: 4/4
  2537 | D:4      | Slain by Duvessa

Illustrated notes

Levels and vault maps discovered:
D:1:      dpeg_arrival_court, layout_rooms
D:2:      layout_basic, basic_ecumenical_altar
D:3:      layout_basic
D:4:      layout_basic, minitemple, hex_medium, nicolae_figureground_sparkle,
          uniq_grinder, uniq_sigmund, uniq_duvessa

Skill      XL: |  1  2 |
---------------+-------+-----
Fighting       | 4 |  4.7
Armour         | 4 |  4.8
Axes           | 3 |  3.9
Shields        | 4 |  4.8

Action                     |  1- 3 |  4- 6 || total
---------------------------+-------+-------++-------
  Melee: War axe           |   110 |    29 ||   139
         Headbutt          |    12 |    10 ||    22
    Use: Scroll            |       |     1 ||     1
 Armour: Scale mail        |    78 |    31 ||   109
  Dodge: Dodged            |    45 |    13 ||    58
  Block: Buckler           |    26 |     7 ||    33

Table legend: (Time is in decaauts)
 A = Elapsed time spent in this place.
 B = Non-inter-level travel time spent in this place.
 C = Inter-level travel time spent in this place.
 D = Time resting spent in this place.
 E = Time spent auto-exploring this place.
 F = Levels seen in this place.
 G = Mean time per level.
                   A        B        C        D        E       F      G
               +--------+--------+--------+--------+--------+-----+--------+
         Total |   2587 |   2081 |    506 |     81 |   1570 |   4 |  646.8 |
       Dungeon |   2587 |   2081 |    506 |     81 |   1570 |   4 |  646.8 |
               +--------+--------+--------+--------+--------+-----+--------+

Top non-repeatable levels by time:
     D:2: 1068 daAuts
     D:3: 845 daAuts
     D:1: 595 daAuts
     D:4: 78 daAuts
